 Dungeon Crawl Stone Soup version 0.28.0-53-g5a82cb258f (webtiles) character file.

Game seed: 10544545315368231364

4777 yokelz the Blocker (level 10, -1/82 HPs)
             Began as a Gnoll Fighter on Aug 8, 2022.
             Was a Priest of Okawaru.
             Slain by a killer bee (6 damage)
             ... on level 9 of the Dungeon.
             The game lasted 00:34:28 (12536 turns).

yokelz the Blocker (Gnoll Fighter)                 Turns: 12536, Time: 00:34:29

Health: -1/82      AC: 25    Str: 21    XL:     10   Next: 47%
Magic:  16/17      EV: 10    Int:  7    God:    Okawaru [***...]
Gold:   424        SH: 12    Dex: 11    Spells: 17/19 levels left

rFire   . . .      SeeInvis .   C - +4 flail
rCold   . . .      Faith    .   c - +0 buckler
rNeg    + . .      Spirit   .   N - +4 plate armour
rPois   .          Reflect  +   w - +0 helmet
rElec   .          Harm     .   (no cloak)
rCorr   .          Rampage  .   n - +1 pair of gloves
Will    .....                   g - +0 pair of boots
Stlth   ..........              F - amulet of reflection
HPRegen 0.23/turn               v - ring of wizardry
MPRegen 0.15/turn               s - ring of positive energy

@: lethally poisoned (-1 -> -4), heroic
A: fangs 1, strong nose, distributed training
a: Renounce Religion, Heroism


You were on level 9 of the Dungeon.
You worshipped Okawaru.
Okawaru was most pleased with you.
You visited 2 branches of the dungeon, and saw 10 of its levels.

You collected 472 gold pieces.
You spent 48 gold pieces at shops.

Inventory:

Hand Weapons
 a - a +0 flail
 B - a +4 mace of freezing
 C - a +4 flail (weapon)
Missiles
 k - 13 boomerangs
 l - 10 javelins (quivered)
 D - 6 poisoned darts
 E - a throwing net
 L - a curare-tipped dart
Armour
 b - a +0 scale mail
 c - a +0 buckler (worn)
 g - a +0 pair of boots (worn)
 n - a +1 pair of gloves (worn)
 p - a scarf of harm
 w - a +0 helmet (worn)
 G - a +3 leather armour
 N - a +4 plate armour (worn)
Jewellery
 s - a ring of positive energy (right hand)
 v - a ring of wizardry (left hand)
 F - an amulet of reflection (around neck)
 P - a +6 ring of dexterity
Wands
 I - a wand of digging (5)
Scrolls
 i - a scroll of immolation
 j - 3 scrolls of noise
 o - 4 scrolls of enchant weapon
 y - 2 scrolls of vulnerability {unknown}
 z - 3 scrolls of magic mapping {unknown}
 A - 2 scrolls of fear {unknown}
 J - a scroll of blinking {unknown}
Potions
 d - a potion of cancellation {unknown}
 e - 2 potions of curing
 f - 3 potions of degeneration
 m - 4 potions of haste
 q - 2 potions of magic {unknown}
 t - 3 potions of attraction {unknown}
 u - 4 potions of berserk rage {unknown}
 x - 3 potions of flight {unknown}
 H - a potion of lignification {unknown}
 K - a potion of might
 O - a potion of mutation {unknown}


   Skills:
 + Level 8.5(13.5) Fighting
 + Level 5.3(10.3) Short Blades
 + Level 5.3(10.3) Long Blades
 + Level 5.3(10.3) Axes
 + Level 7.1(12.1) Maces & Flails
 + Level 5.3(10.3) Polearms
 + Level 5.3(10.3) Staves
 + Level 5.3(10.3) Slings
 + Level 5.3(10.3) Bows
 + Level 5.3(10.3) Crossbows
 + Level 5.3(10.3) Throwing
 + Level 8.5(13.5) Armour
 + Level 5.3(10.3) Dodging
 + Level 5.3(10.3) Stealth
 + Level 8.5(13.5) Shields
 + Level 5.3(10.3) Unarmed Combat
 + Level 5.3 Spellcasting
 + Level 4.4 Conjurations
 + Level 4.4 Hexes
 + Level 4.4 Summonings
 + Level 4.4 Necromancy
 + Level 4.4 Translocations
 + Level 4.4 Transmutations
 + Level 4.4 Fire Magic
 + Level 4.4 Ice Magic
 + Level 4.4 Air Magic
 + Level 4.4 Earth Magic
 + Level 4.4 Poison Magic
 + Level 5.8 Invocations
 + Level 5.3 Evocations


You had 17 spell levels left.
You knew the following spells:

 Your Spells              Type           Power      Damage    Failure   Level
a - Blink                 Tloc           16%        N/A       34%         2

Your spell library contained the following spells:

 Spells                   Type           Power      Damage    Failure   Level
 Lesser Beckoning         Tloc           8%         N/A       56%         3
 Ozocubu's Armour         Ice            8%         N/A       56%         3
 Manifold Assault         Tloc           8%         N/A       99%         5
 Metabolic Englaciation   Hex/Ice        4%         N/A       99%         5
 Simulacrum               Ice/Necr       Unusable   N/A       N/A         6

Dungeon Overview and Level Annotations

Branches:
Dungeon (9/15)             Temple (1/1) D:4
   Lair: D:8-11         Orc: D:9-12

Altars:
Ashenzari
Cheibriados
Dithmenos
Elyvilon
Fedhas
Gozag
Hepliaklqana
Makhleb
Nemelex Xobeh
Okawaru
Qazlal
Ru
Sif Muna
Trog
Uskayaw
Vehumet
Wu Jian
Xom
Yredelemnul
Zin
The Shining One

Shops:
D:6 =   D:7 (

Annotations:
D:2 Grinder
D:4 1 runed translucent door, Crazy Yiuf
D:8 Gastronok


Innate Abilities, Weirdness & Mutations

You have very sharp teeth.
Your uncanny sense of smell can sniff out nearby items.
Your experience applies equally to all skills.


Message History

The killer bee is lightly wounded.
You feel sick. The killer bee barely misses you.
You block the killer bee's attack. The killer bee stings you.
You closely miss the killer bee.
The killer bee is lightly wounded.
You feel sick.
You are no longer poisoned.
The killer bee stings you.
You are poisoned.
The killer bee poisons you! You block the killer bee's attack.
The killer bee stings you but does no damage.
You hit the killer bee.
The killer bee is moderately wounded.
You feel sick. You block the killer bee's attack.
The killer bee stings you but does no damage.
You block the killer bee's attack. The killer bee closely misses you.
You sock the killer bee!
The killer bee is severely wounded.
You feel sick. You block the killer bee's attack. x3
You closely miss the killer bee. Your bite misses the killer bee.
The killer bee is severely wounded.
You feel sick. The killer bee stings you.
* * * LOW HITPOINT WARNING * * *
The killer bee closely misses you.
The killer bee stings you but does no damage.
You barely miss the killer bee.
The killer bee is severely wounded.
You feel sick. You block the killer bee's attack. The killer bee stings you!
* * * LOW HITPOINT WARNING * * *
The killer bee stings you but does no damage.
You block the killer bee's attack.
You completely miss the killer bee.
The killer bee is severely wounded.
You feel sick. The killer bee stings you.
* * * LOW HITPOINT WARNING * * *
The killer bee barely misses you. You block the killer bee's attack.
You miss the killer bee. Your bite misses the killer bee.
The killer bee is severely wounded.
You feel sick. The killer bee stings you.
You die...

..#..# ###.#.....##
.#...#######.#.≈.......
....#.#....##.≈≈≈.....#.
....####..###≈≈≈≈≈...!..
....#..#.#.#..†≈≈.......
........#.#....≈........
.........##.............
...................$....
................@.......
.#..............yy......
.##.....................
###....)≈...............
#....≈≈≈..............
#...≈≈≈≈≈.............
#....≈≈≈..............
##.#....≈...............
.####..........


You could see 2 killer bees.

Vanquished Creatures
  Pikel (D:4)
  A hornet (D:8)
  Prince Ribbit (D:7)
  Sigmund (D:5)
  Edmund (D:4)
  2 water moccasins
  3 orc warriors (D:8)
  A sky beast (D:7)
  3 ice beasts
  A necrophage (D:5)
  An ogre (D:4)
  A centaur (D:8)
  3 lemures (D:4)
  A phantom (D:6)
  A kobold brigand (D:8)
  6 bullfrogs
  2 gnoll sergeants
  A scorpion (D:6)
  2 water moccasin zombies (D:5)
  2 water moccasin skeletons
  5 killer bees (D:9)
  5 wights (D:6)
  6 electric eels
  3 hounds
  A centaur skeleton (D:7)
  2 jellies
  3 centaur zombies
  3 orc priests
  A bullfrog skeleton (D:5)
  A gnoll shaman (D:4)
  3 iguanas
  3 orc wizards
  Natasha (thrice) (D:4)
  2 killer bee zombies (D:8)
  3 howler monkey zombies
  15 gnolls
  7 adders
  2 shadow imps
  A white imp (D:6)
  2 ufetubi (D:4)
  2 worms
  2 dart slugs
  21 orcs
  7 ball pythons
  6 endoplasms
  4 giant cockroaches (D:1)
  6 goblins
  6 hobgoblins
  5 jackals
  2 quokkas
  3 training dummies (D:7)
  4 bats
  4 frilled lizards (D:1)
  A jackal skeleton (D:4)
  8 kobolds
  3 rats
190 creatures vanquished.

Vanquished Creatures (others)
  A kobold brigand (D:8)
  A bullfrog (D:8)
2 creatures vanquished.

Grand Total: 192 creatures vanquished

Notes
Turn   | Place    | Note
-------+----------+-------------------------------------------
     0 | D:1      | yokelz the Gnoll Fighter began the quest for the Orb.
     0 | D:1      | Reached XP level 1. HP: 23/23 MP: 1/1
   214 | D:1      | Reached XP level 2. HP: 24/29 MP: 2/2
   581 | D:1      | Reached XP level 3. HP: 33/35 MP: 3/3
   965 | D:3      | You fall into a shaft and drop 3 floors!
   973 | D:5      | Entered Level 5 of the Dungeon
  1002 | D:5      | Noticed a water moccasin
  1348 | D:4      | Reached skill level 1 in Short Blades
  1348 | D:4      | Reached skill level 1 in Long Blades
  1348 | D:4      | Reached skill level 1 in Axes
  1348 | D:4      | Reached skill level 1 in Polearms
  1348 | D:4      | Reached skill level 1 in Staves
  1348 | D:4      | Reached skill level 1 in Slings
  1348 | D:4      | Reached skill level 1 in Bows
  1348 | D:4      | Reached skill level 1 in Crossbows
  1348 | D:4      | Reached skill level 1 in Throwing
  1348 | D:4      | Reached skill level 1 in Dodging
  1348 | D:4      | Reached skill level 1 in Stealth
  1348 | D:4      | Reached skill level 1 in Unarmed Combat
  1348 | D:4      | Reached skill level 1 in Spellcasting
  1348 | D:4      | Reached skill level 1 in Invocations
  1348 | D:4      | Reached skill level 1 in Evocations
  1348 | D:4      | Reached XP level 4. HP: 28/41 MP: 3/5
  1360 | D:4      | Reached skill level 1 in Conjurations
  1360 | D:4      | Reached skill level 1 in Hexes
  1360 | D:4      | Reached skill level 1 in Summonings
  1360 | D:4      | Reached skill level 1 in Necromancy
  1360 | D:4      | Reached skill level 1 in Translocations
  1360 | D:4      | Reached skill level 1 in Transmutations
  1360 | D:4      | Reached skill level 1 in Fire Magic
  1360 | D:4      | Reached skill level 1 in Ice Magic
  1360 | D:4      | Reached skill level 1 in Air Magic
  1360 | D:4      | Reached skill level 1 in Earth Magic
  1360 | D:4      | Reached skill level 1 in Poison Magic
  1506 | D:4      | Reached XP level 5. HP: 35/47 MP: 6/6
  2594 | D:3      | Noticed Grinder
  2605 | D:3      | Paralysed by Grinder for 2 turns
  2610 | D:2      | Paralysed by Grinder for 5 turns
  2618 | D:2      | Paralysed by Grinder for 3 turns
  2631 | D:2      | Paralysed by Grinder for 3 turns
  3544 | D:4      | Found a staircase to the Ecumenical Temple.
  3559 | Temple   | Entered the Ecumenical Temple
  3715 | Temple   | Became a worshipper of Warmaster Okawaru
  3829 | D:4      | Noticed an ogre
  3834 | D:4      | Killed an ogre
  3835 | D:4      | Reached XP level 6. HP: 48/53 MP: 8/8
  3859 | D:4      | Noticed Natasha
  4017 | D:4      | Killed a water moccasin
  4018 | D:4      | Reached skill level 5 in Maces & Flails
  4280 | D:4      | Reached * piety under Okawaru
  4292 | D:4      | Noticed Pikel
  4403 | D:4      | Killed Pikel
  4404 | D:4      | Reached XP level 7. HP: 22/60 MP: 8/11
  4404 | D:4      | Reached XP level 8. HP: 25/67 MP: 8/12
  4670 | D:4      | Killed Natasha
  4722 | D:4      | Noticed Edmund
  4733 | D:4      | Killed Edmund
  4733 | D:4      | Reached ** piety under Okawaru
  5034 | D:4      | Noticed Natasha
  5039 | D:4      | Killed Natasha
  5110 | D:4      | Noticed Natasha
  5120 | D:4      | Killed Natasha
  5405 | D:4      | Found a runed translucent door.
  5406 | D:4      | Noticed Crazy Yiuf
  6289 | D:5      | Reached *** piety under Okawaru
  6532 | D:5      | Noticed Sigmund
  6537 | D:5      | Killed Sigmund
  6538 | D:5      | Reached XP level 9. HP: 58/72 MP: 14/14
  7334 | D:6      | Found Healileq's Jewellery Boutique.
  7921 | D:7      | Found Ladilel's Firing Range.
  7950 | D:7      | Bought 6 boomerangs for 48 gold pieces
  7984 | D:7      | Learned a level 2 spell: Blink
  8522 | D:7      | Noticed Prince Ribbit
  8550 | D:7      | Killed Prince Ribbit
  8551 | D:7      | Reached skill level 5 in Invocations
 10283 | D:8      | Reached XP level 10. HP: 79/80 MP: 17/17
 10445 | D:8      | Noticed Gastronok
 10465 | D:8      | Found a shimmering altar of Xom.
 10503 | D:8      | Noticed a two-headed ogre
 10504 | D:8      | Reached **** piety under Okawaru
 10505 | D:8      | Reached skill level 5 in Short Blades
 10505 | D:8      | Reached skill level 5 in Long Blades
 10505 | D:8      | Reached skill level 5 in Axes
 10505 | D:8      | Reached skill level 5 in Polearms
 10505 | D:8      | Reached skill level 5 in Staves
 10505 | D:8      | Reached skill level 5 in Slings
 10505 | D:8      | Reached skill level 5 in Bows
 10505 | D:8      | Reached skill level 5 in Crossbows
 10505 | D:8      | Reached skill level 5 in Throwing
 10505 | D:8      | Reached skill level 5 in Dodging
 10505 | D:8      | Reached skill level 5 in Stealth
 10505 | D:8      | Reached skill level 5 in Unarmed Combat
 10505 | D:8      | Reached skill level 5 in Spellcasting
 10505 | D:8      | Reached skill level 5 in Evocations
 11060 | D:8      | Paralysed by a hornet for 2 turns
 11700 | D:8      | Received a gift from Okawaru
 11912 | D:9      | Noticed a two-headed ogre
 12536 | D:9      | Slain by a killer bee

Illustrated notes

Levels and vault maps discovered:
D:1:      lemuel_arrival_muddy, layout_rooms, minmay_heptomino_l4
D:2:      layout_basic
D:3:      layout_basic, serial_curves, eino_curves_02, eino_curves_03,
          eino_curves_04, eino_curves_01, uniq_grinder
D:4:      layout_loops_ring, minmay_temple_entry_mini_moons,
          grunt_ministairs_15, serial_park_tiny_1, minivault_27,
          minmay_starry_boxes, uniq_edmund, uniq_natasha, uniq_pikel,
          uniq_crazy_yiuf_cottage
D:5:      layout_rooms, uniq_sigmund
D:6:      layout_loops_ring, serial_shops,
          nicolae_shop_temple_entry_statues_fountains
D:7:      wad_lake_hut, layout_loops_corners, nicolae_shop_firing_range,
          uniq_prince_ribbit1
D:8:      layout_rooms, xom_confusion_cloud, uniq_gastronok
D:9:      layout_big_octagon
Temple:   mainiacjoe_temple_circle_huts

Skill      XL: |  1  2  3  4  5  6  7  8  9 10 |
---------------+-------------------------------+-----
Short Blades   | 1 2 3 4 5 |  5.3
Long Blades    | 1 2 3 4 5 |  5.3
Axes           | 1 2 3 4 5 |  5.3
Polearms       | 1 2 3 4 5 |  5.3
Staves         | 1 2 3 4 5 |  5.3
Slings         | 1 2 3 4 5 |  5.3
Bows           | 1 2 3 4 5 |  5.3
Crossbows      | 1 2 3 4 5 |  5.3
Throwing       | 1 2 3 4 5 |  5.3
Dodging        | 1 2 3 4 5 |  5.3
Stealth        | 1 2 3 4 5 |  5.3
Unarmed Combat | 1 2 3 4 5 |  5.3
Spellcasting   | 1 2 3 4 5 |  5.3
Invocations    | 1 2 3 4 5 |  5.8
Evocations     | 1 2 3 4 5 |  5.3
Conjurations   | 1 2 3 4 |  4.4
Hexes          | 1 2 3 4 |  4.4
Summonings     | 1 2 3 4 |  4.4
Necromancy     | 1 2 3 4 |  4.4
Translocations | 1 2 3 4 |  4.4
Transmutations | 1 2 3 4 |  4.4
Fire Magic     | 1 2 3 4 |  4.4
Ice Magic      | 1 2 3 4 |  4.4
Air Magic      | 1 2 3 4 |  4.4
Earth Magic    | 1 2 3 4 |  4.4
Poison Magic   | 1 2 3 4 |  4.4
Maces & Flails | 5 6 7 |  7.1
Fighting       | 7 8 |  8.5
Armour         | 7 8 |  8.5
Shields        | 7 8 |  8.5

Action                   |  1- 3 |  4- 6 |  7- 9 | 10-12 || total
-------------------------+-------+-------+-------+-------++-------
Melee: Flail             |    70 |   158 |   346 |   175 ||   749
       Bite              |     5 |    18 |    50 |    10 ||    83
       Mace              |       |       |     8 |       ||     8
Throw: Javelin           |       |     5 |     8 |     3 ||    16
       Boomerang         |       |       |     5 |       ||     5
Invok: Heroism           |       |     1 |     1 |     3 ||     5
  Use: Scroll            |     3 |       |     7 |     3 ||    13
       Potion            |     1 |       |     2 |     3 ||     6
 Stab: Sleeping          |       |       |     2 |       ||     2
       Confused          |       |       |       |     2 ||     2
       Distracted        |       |       |       |     1 ||     1
Armor: Scale mail        |    52 |    84 |   122 |       ||   258
       Leather armour    |       |       |    27 |    24 ||    51
       Plate armour      |       |       |       |   101 ||   101
Dodge: Dodged            |    38 |    70 |   132 |   126 ||   366
Block: Buckler           |    20 |    48 |    94 |   149 ||   311
       Reflection        |       |       |       |     2 ||     2
